 Dungeon Crawl Stone Soup version 0.24.0-37-gcf1ca852f1 (webtiles) character file.

Game seed: 7659756758259229161, levelgen mode: deterministic

11172 Iamsoldier the Thaumaturge (level 11, 0/129 HPs)
             Began as a Gnoll Skald on Dec 6, 2019.
             Was a High Priest of Okawaru.
             Slain by a freezing wraith (13 damage)
             ... led by a death knight
             ... on level 10 of the Dungeon.
             The game lasted 00:29:16 (12948 turns).

Iamsoldier the Thaumaturge (Gnoll Skald)           Turns: 12948, Time: 00:29:16

Health: 0/129      AC: 12    Str: 21    XL:     11   Next: 73%
Magic:  23/23      EV: 19    Int: 17    God:    Okawaru [*****.]
Gold:   321        SH:  5    Dex: 14    Spells: 17/26 levels left

rFire    . . .     SeeInvis +   s - +1 trident
rCold    . . .     Gourm    +   p - +0 buckler
rNeg     . . .     Faith    .   J - +0 troll leather armour
rPois    .         Spirit   .   G - +2 helmet
rElec    .         Reflect  .   (no cloak)
rCorr    .         Harm     .   D - +1 pair of gloves
MR       .....                  g - +0 pair of boots
Stlth    ..........             I - amulet of the gourmand
HPRegen  0.71/turn              i - +3 ring of evasion
MPRegen  0.18/turn              M - ring of see invisible

@: berserking (expiring), very slightly contaminated, slowed
A: distributed training, fangs 1, strong nose
a: Heroism, Finesse, Renounce Religion


You were on level 10 of the Dungeon.
You worshipped Okawaru.
Okawaru was extremely pleased with you.
You were completely stuffed.

You visited 2 branches of the dungeon, and saw 12 of its levels.
You also visited: Sewer and Ossuary.

You collected 529 gold pieces.
You spent 208 gold pieces at shops.

Inventory:

Hand Weapons
 s - a +1 trident (weapon)
Missiles
 E - 32 poisoned darts (quivered)
Armour
 f - a cursed +0 chain mail
 g - a +0 pair of boots (worn)
 o - a +0 shield
 p - a +0 buckler (worn)
 D - a +1 pair of gloves (worn)
 G - a +2 helmet (worn)
 J - a +0 troll leather armour (worn)
Jewellery
 b - an uncursed ring of resist corrosion
 i - a +3 ring of evasion (left hand)
 x - an uncursed amulet of magic regeneration {unknown}
 z - an uncursed ring of stealth
 C - an uncursed ring of magical power
 I - an amulet of the gourmand (around neck)
 M - a ring of see invisible (right hand)
Wands
 l - a wand of random effects (26)
 n - a wand of flame (30)
 L - a wand of disintegration (8)
 P - a wand of iceblast (10)
Scrolls
 c - 4 scrolls of teleportation
 k - 8 scrolls of remove curse
 r - 2 scrolls of identify
 w - a scroll of amnesia
 y - 5 scrolls of fear
 H - 2 scrolls of enchant weapon
 N - 2 scrolls of fog {unknown}
Potions
 a - a potion of magic
 e - 3 potions of flight
 j - 2 potions of lignification
 m - a potion of agility {unknown}
 t - a potion of cancellation
 u - a potion of haste {unknown}
 v - 5 potions of curing
 A - 2 potions of mutation
 B - 3 potions of invisibility
 O - a potion of might {unknown}
Comestibles
 d - 24 rations
 K - a chunk of flesh


   Skills:
 + Level 8.0 Fighting
 + Level 6.4 Short Blades
 + Level 6.4 Long Blades
 + Level 6.4 Axes
 + Level 6.4 Maces & Flails
 + Level 8.0 Polearms
 + Level 6.4 Staves
 + Level 6.4 Slings
 + Level 6.4 Bows
 + Level 6.4 Crossbows
 + Level 6.4 Throwing
 + Level 7.0 Armour
 + Level 8.0 Dodging
 + Level 6.4 Stealth
 + Level 6.4 Shields
 + Level 6.4 Unarmed Combat
 + Level 8.2 Spellcasting
 + Level 5.3 Conjurations
 + Level 5.3 Hexes
 + Level 7.7 Charms
 + Level 5.3 Summonings
 + Level 5.3 Necromancy
 + Level 5.3 Translocations
 + Level 5.3 Transmutations
 + Level 5.3 Fire Magic
 + Level 5.3 Ice Magic
 + Level 5.3 Air Magic
 + Level 5.3 Earth Magic
 + Level 5.3 Poison Magic
 + Level 7.1 Invocations
 + Level 6.4 Evocations


You had 17 spell levels left.
You knew the following spells:

 Your Spells              Type           Power        Failure   Level  Hunger
a - Infusion              Chrm           ####         1%          1    None
b - Shroud of Golubria    Chrm/Tloc      ####..       1%          2    None
c - Spectral Weapon       Hex/Chrm       ####....     2%          3    #......
d - Regeneration          Chrm/Necr      ####......   2%          3    #......

Your spell library contained the following spells:

 Spells                   Type           Power        Failure   Level  Hunger
 Song of Slaying          Chrm           ####....     1%          2    None


Dungeon Overview and Level Annotations

Branches:
Dungeon (11/15)            Temple (1/1) D:6            Lair (0/6) D:8
  Sewer (visited)         Ossuary (visited)
    Orc: D:9-12

Altars:
Ashenzari
Cheibriados
Dithmenos
Elyvilon
Fedhas
Gozag
Hepliaklqana
Kikubaaqudgha
Makhleb
Nemelex Xobeh
Okawaru
Qazlal
Ru
Sif Muna
Trog
Uskayaw
Vehumet
Wu Jian
Xom
Yredelemnul
Zin
The Shining One
Lugonu

Shops:
D:6 !


Innate Abilities, Weirdness & Mutations

Your experience applies equally to all skills.
You have very sharp teeth.
Your uncanny sense of smell can sniff out nearby items.


Message History

The freezing wraith hits you.
* * * LOW HITPOINT WARNING * * *
The freezing wraith drains your vigour!
You feel yourself slow down.
You hit the freezing wraith.
The freezing wraith is severely damaged.
The freezing wraith completely misses you.
The freezing wraith hits you but does no damage.
You hit the freezing wraith.
The freezing wraith is severely damaged.
The freezing wraith barely misses you. The freezing wraith misses you.
You hit the freezing wraith but do no damage.
You bite the freezing wraith.
The freezing wraith is severely damaged.
The freezing wraith misses you. The freezing wraith closely misses you.
You closely miss the freezing wraith.
The freezing wraith is severely damaged.
The freezing wraith hits you.
* * * LOW HITPOINT WARNING * * *
The freezing wraith freezes you!
You die...

###################### #...
#....................# #...
#....................####...
##.###########...............
#..#.........#........>.(....
#..#.........#...............
#..#.).......#......)........
#..#.))......#...............
#..'..).....@W...............
#..#.........#...............
#..#..####...#..#############
#..####..#####..#............
#...............#............
#...............#............
####............#............
#.#######....#............
#.# #....#...........#


You could see a freezing wraith.

Vanquished Creatures
  A hydra (D:10)
  3 two-headed ogres
  An unseen horror (D:10)
  3 trolls
  Prince Ribbit (D:9)
  2 dream sheep (D:10)
  A hippogriff (D:9)
  A wraith (D:10)
  A wyvern (D:10)
  12 yaks
  2 water moccasins (D:9)
  A sky beast (D:8)
  Purgy (Sewer)
  2 ice beasts
  3 orc warriors
  A necrophage (D:8)
  A phantom (D:5)
  3 centaurs
  4 big kobolds
  2 elf zombies (Ossuary)
  9 bullfrogs
  2 wyvern skeletons
  3 scorpions
  10 killer bees
  A howler monkey (D:6)
  4 crimson imps
  9 hounds
  A quasit (D:8)
  A centaur zombie (Ossuary)
  3 jellies
  2 bullfrog skeletons
  6 orc priests
  Ijyb (D:3)
  6 iguanas
  5 orc wizards
  6 worker ants
  A big kobold zombie (Ossuary)
  A hound skeleton (D:7)
  2 mummies (Ossuary)
  A howler monkey zombie (D:7)
  A howler monkey skeleton (D:2)
  11 adders
  4 gnolls (D:10)
  An ooze (D:4)
  3 adder zombies (Ossuary)
  3 worms
  A dart slug (D:2)
  5 leopard geckos
  37 orcs
  10 bats
  8 giant cockroaches
  6 goblins
  10 hobgoblins
  14 jackals
  3 quokkas
  6 frilled lizards
  A goblin zombie (Ossuary)
  10 hobgoblin zombies (Ossuary)
  A jackal skeleton (D:8)
  A jackal zombie (Ossuary)
  18 kobolds
  7 kobold zombies (Ossuary)
  2 leopard gecko skeletons
  9 orc zombies (Ossuary)
  14 rats
  2 rat zombies (Ossuary)
308 creatures vanquished.

Vanquished Creatures (others)
  4 spectral weapons
4 creatures vanquished.

Grand Total: 312 creatures vanquished

Notes
Turn   | Place    | Note
-------+----------+-------------------------------------------
     0 | D:1      | Iamsoldier the Gnoll Skald began the quest for the Orb.
     0 | D:1      | Reached XP level 1. HP: 20/20 MP: 6/6
   285 | D:1      | Reached XP level 2. HP: 26/26 MP: 4/7
   721 | D:2      | Reached XP level 3. HP: 20/31 MP: 9/9
   958 | D:2      | Reached skill level 5 in Spellcasting
  1205 | D:2      | Reached skill level 1 in Invocations
  1283 | D:2      | Reached skill level 1 in Short Blades
  1283 | D:2      | Reached skill level 1 in Long Blades
  1283 | D:2      | Reached skill level 1 in Axes
  1283 | D:2      | Reached skill level 1 in Maces & Flails
  1283 | D:2      | Reached skill level 1 in Staves
  1283 | D:2      | Reached skill level 1 in Slings
  1283 | D:2      | Reached skill level 1 in Bows
  1283 | D:2      | Reached skill level 1 in Crossbows
  1283 | D:2      | Reached skill level 1 in Throwing
  1283 | D:2      | Reached skill level 1 in Stealth
  1283 | D:2      | Reached skill level 1 in Shields
  1283 | D:2      | Reached skill level 1 in Unarmed Combat
  1283 | D:2      | Reached skill level 1 in Evocations
  1407 | D:2      | Reached XP level 4. HP: 38/38 MP: 11/11
  1411 | D:2      | Learned a level 2 spell: Shroud of Golubria
  1415 | D:2      | Learned a level 3 spell: Spectral Weapon
  1419 | D:2      | Learned a level 3 spell: Regeneration
  1713 | D:2      | Reached skill level 1 in Conjurations
  1713 | D:2      | Reached skill level 1 in Hexes
  1713 | D:2      | Reached skill level 1 in Summonings
  1713 | D:2      | Reached skill level 1 in Necromancy
  1713 | D:2      | Reached skill level 1 in Translocations
  1713 | D:2      | Reached skill level 1 in Transmutations
  1713 | D:2      | Reached skill level 1 in Fire Magic
  1713 | D:2      | Reached skill level 1 in Ice Magic
  1713 | D:2      | Reached skill level 1 in Air Magic
  1713 | D:2      | Reached skill level 1 in Earth Magic
  1713 | D:2      | Reached skill level 1 in Poison Magic
  2424 | D:3      | Noticed Ijyb
  2440 | D:3      | Killed Ijyb
  2440 | D:3      | Reached XP level 5. HP: 37/43 MP: 3/12
  3416 | D:3      | Reached XP level 6. HP: 50/50 MP: 4/13
  3777 | D:3      | Found a bloodstained altar of Trog.
  4333 | D:4      | Reached skill level 5 in Fighting
  4333 | D:4      | Reached skill level 5 in Polearms
  4333 | D:4      | Reached skill level 5 in Dodging
  5545 | D:4      | Reached XP level 7. HP: 54/56 MP: 9/15
  5653 | D:5      | Entered Level 5 of the Dungeon
  5653 | D:5      | Found a glowing drain.
  5899 | Sewer    | Entered a sewer
  6009 | Sewer    | Noticed Purgy
  6020 | Sewer    | Killed Purgy
  6523 | D:5      | Found a sacrificial altar of Ru.
  6752 | D:5      | Found a burning altar of Makhleb.
  6753 | D:5      | Noticed a balrug
  7042 | D:6      | Found a staircase to the Ecumenical Temple.
  7053 | Temple   | Entered the Ecumenical Temple
  7349 | D:6      | Reached XP level 8. HP: 62/63 MP: 10/16
  7554 | D:6      | Found Oguigid's Distillery.
  7557 | D:6      | Bought a potion of curing for 39 gold pieces
  7557 | D:6      | Bought a potion of heal wounds for 65 gold pieces
  7557 | D:6      | Bought a potion of curing for 39 gold pieces
  7557 | D:6      | Bought a potion of heal wounds for 65 gold pieces
  7895 | D:7      | Found a hazy altar of Hepliaklqana.
  8095 | D:7      | Reached XP level 9. HP: 64/69 MP: 11/18
  8113 | D:7      | Found a sand-covered staircase.
  8120 | Ossuary  | Entered an ossuary
  8502 | D:7      | Noticed a troll
  8516 | D:7      | Killed a troll
  8605 | D:7      | Reached skill level 5 in Armour
  8675 | D:7      | Found a white marble altar of Elyvilon.
  8679 | D:7      | Found a shadowy altar of Dithmenos.
  8680 | D:7      | Found a stormy altar of Qazlal.
  8681 | D:7      | Found an iron altar of Okawaru.
  8682 | D:7      | Found an opulent altar of Gozag.
  8693 | D:7      | Became a worshipper of Warmaster Okawaru
  9358 | D:8      | Found a basalt altar of Yredelemnul.
  9396 | D:8      | Found an ornate altar of the Wu Jian Council.
  9400 | D:8      | Found a blossoming altar of Fedhas.
  9449 | D:8      | Found a staircase to the Lair.
  9463 | D:8      | Found a shattered altar of Ashenzari.
  9559 | D:8      | Reached skill level 5 in Invocations
  9620 | D:8      | Found a sparkling altar of Nemelex Xobeh.
  9752 | D:8      | Noticed a two-headed ogre
  9761 | D:8      | Killed a two-headed ogre
  9761 | D:8      | Reached * piety under Okawaru
  9761 | D:8      | Reached XP level 10. HP: 77/77 MP: 12/20
  9767 | D:8      | Reached ** piety under Okawaru
 10104 | D:9      | Reached skill level 5 in Short Blades
 10104 | D:9      | Reached skill level 5 in Long Blades
 10104 | D:9      | Reached skill level 5 in Axes
 10104 | D:9      | Reached skill level 5 in Maces & Flails
 10104 | D:9      | Reached skill level 5 in Staves
 10104 | D:9      | Reached skill level 5 in Slings
 10104 | D:9      | Reached skill level 5 in Bows
 10104 | D:9      | Reached skill level 5 in Crossbows
 10104 | D:9      | Reached skill level 5 in Throwing
 10104 | D:9      | Reached skill level 5 in Stealth
 10104 | D:9      | Reached skill level 5 in Shields
 10104 | D:9      | Reached skill level 5 in Unarmed Combat
 10104 | D:9      | Reached skill level 5 in Evocations
 10228 | D:9      | Identified the cursed +0 leather armour of a Labyrinth
                  | {Str+6 Int-5} (You found it on level 9 of the Dungeon)
 10667 | D:9      | Reached *** piety under Okawaru
 10850 | D:9      | Noticed Prince Ribbit
 11063 | D:9      | Noticed a two-headed ogre
 11076 | D:9      | Killed a two-headed ogre
 11096 | D:9      | Killed Prince Ribbit
 11289 | D:9      | Found a snail-covered altar of Cheibriados.
 11407 | D:9      | Noticed a two-headed ogre
 11420 | D:9      | Killed a two-headed ogre
 11420 | D:9      | Reached **** piety under Okawaru
 11420 | D:9      | Reached XP level 11. HP: 65/84 MP: 15/22
 11578 | D:10     | Entered Level 10 of the Dungeon
 11624 | D:10     | HP: 4/84 [yak (14)]
 11948 | D:10     | Reached skill level 5 in Conjurations
 11948 | D:10     | Reached skill level 5 in Hexes
 11948 | D:10     | Reached skill level 5 in Summonings
 11948 | D:10     | Reached skill level 5 in Necromancy
 11948 | D:10     | Reached skill level 5 in Translocations
 11948 | D:10     | Reached skill level 5 in Transmutations
 11948 | D:10     | Reached skill level 5 in Fire Magic
 11948 | D:10     | Reached skill level 5 in Ice Magic
 11948 | D:10     | Reached skill level 5 in Air Magic
 11948 | D:10     | Reached skill level 5 in Earth Magic
 11948 | D:10     | Reached skill level 5 in Poison Magic
 12179 | D:10     | Noticed an unseen horror
 12195 | D:10     | Killed an unseen horror
 12195 | D:10     | Reached ***** piety under Okawaru
 12390 | D:10     | Received a gift from Okawaru
 12512 | D:10     | Noticed a two-headed hydra
 12522 | D:10     | Killed a two-headed hydra
 12909 | D:11     | Noticed a phantasmal warrior
 12948 | D:10     | Slain by a freezing wraith

Levels and vault maps discovered:
D:1:      onia_arrival_larder, layout_basic
D:2:      layout_basic, first_ration, minmay_increasing_density
D:3:      layout_basic, marbit_many_paths, uniq_ijyb
D:4:      layout_basic
D:5:      layout_basic, portal_sewer_entry_f, basic_altar,
          makhleb_altar_promises_db
D:6:      layout_loops_cross, minmay_temple_entry_mist, serial_shops,
          kennysheep_mini_moat
D:7:      layout_gridville, minitemple, nicolae_overflow_crystal_walls,
          nicolae_ossuary_entry_ruins
D:8:      layout_cave_pods, grunt_temple_overflow_open,
          yredelemnul_altar_generic, lemuel_doored_altar, old_standard_altar,
          lair_entry_dummy
D:9:      layout_irregular_city, old_standard_altar, uniq_prince_ribbit1
D:10:     layout_irregular_city, hangedman_ranch [blue_anna_fruit_fields]
D:11:     minmay_the_grid_octo_tiled_squarecenter
          [minmay_the_grid_octo_pinwheel, minmay_the_grid_octo_toaster,
          minmay_the_grid_octo_fan_narrow, minmay_the_grid_octo_shrine,
          minmay_the_grid_square_5x5_megaprize_crossed,
          minmay_the_grid_square_5x5_moneybag,
          minmay_the_grid_square_5x5_fancy_junction,
          minmay_the_grid_square_5x5_three_small,
          minmay_the_grid_square_5x5_pentomino_r], layout_basic, erik_orc_1,
          basic_altar, grunt_ministairs_8, nrook_mini_backslash,
          chequers_serial_rivers_room_b, uniq_psyche
Temple:   corrupted_temple

Skill      XL: |  1  2  3  4  5  6  7  8  9 10 11 |
---------------+----------------------------------+-----
Spellcasting   | 5 6 7 8 |  8.2
Invocations    | 1 2 3 4 5 6 7 |  7.1
Short Blades   | 1 2 3 4 5 6 |  6.4
Long Blades    | 1 2 3 4 5 6 |  6.4
Axes           | 1 2 3 4 5 6 |  6.4
Maces & Flails | 1 2 3 4 5 6 |  6.4
Staves         | 1 2 3 4 5 6 |  6.4
Slings         | 1 2 3 4 5 6 |  6.4
Bows           | 1 2 3 4 5 6 |  6.4
Crossbows      | 1 2 3 4 5 6 |  6.4
Throwing       | 1 2 3 4 5 6 |  6.4
Stealth        | 1 2 3 4 5 6 |  6.4
Shields        | 1 2 3 4 5 6 |  6.4
Unarmed Combat | 1 2 3 4 5 6 |  6.4
Evocations     | 1 2 3 4 5 6 |  6.4
Conjurations   | 1 2 3 4 5 |  5.3
Hexes          | 1 2 3 4 5 |  5.3
Summonings     | 1 2 3 4 5 |  5.3
Necromancy     | 1 2 3 4 5 |  5.3
Translocations | 1 2 3 4 5 |  5.3
Transmutations | 1 2 3 4 5 |  5.3
Fire Magic     | 1 2 3 4 5 |  5.3
Ice Magic      | 1 2 3 4 5 |  5.3
Air Magic      | 1 2 3 4 5 |  5.3
Earth Magic    | 1 2 3 4 5 |  5.3
Poison Magic   | 1 2 3 4 5 |  5.3
Armour         | 3 4 5 6 7 |  7.0
Fighting       | 5 6 7 8 |  8.0
Polearms       | 5 6 7 8 |  8.0
Dodging        | 5 6 7 8 |  8.0
Charms         | 6 7 |  7.7

Action                   |  1- 3 |  4- 6 |  7- 9 | 10-12 || total
-------------------------+-------+-------+-------+-------++-------
Melee: Spear             |   142 |   229 |       |       ||   371
       Bite              |    12 |    24 |    40 |    52 ||   128
       Punch             |       |     2 |       |       ||     2
       Trident           |       |    48 |   454 |   427 ||   929
 Cast: Infusion          |     2 |    13 |     1 |       ||    16
       Shroud of Golubri |       |    11 |    19 |    16 ||    46
       Spectral Weapon   |       |     7 |    25 |    21 ||    53
       Regeneration      |       |       |    11 |    10 ||    21
Evoke: Wand              |       |       |       |     2 ||     2
  Use: Potion            |     2 |       |       |     4 ||     6
       Scroll            |       |     3 |    10 |     6 ||    19
 Stab: Sleeping          |     5 |     5 |    11 |     8 ||    29
       Distracted        |       |       |     1 |     4 ||     5
  Eat: Chunk             |     2 |    12 |    24 |    12 ||    50
       Ration            |       |       |     1 |       ||     1
Armor: Leather armour    |    21 |    32 |    63 |       ||   116
       Troll leather arm |       |       |    34 |   105 ||   139
Dodge: Dodged            |    89 |   139 |   376 |   392 ||   996
Block: Buckler           |       |       |    88 |   120 ||   208
